 Dungeon Crawl Stone Soup version 0.29.1-15-g9cfb28693d (webtiles) character file.

Game seed: 7086746037490123337

88 Ast3rio the Gusty (level 4, 0/24 HPs)
             Began as a Deep Elf Air Elementalist on Mar 10, 2023.
             Killed from afar by an orc wizard (8 damage)
             ... with a magic dart
             ... on level 3 of the Dungeon.
             The game lasted 00:07:28 (2004 turns).

Ast3rio the Gusty (Deep Elf Air Elementalist)       Turns: 2004, Time: 00:07:29

Health: 0/24       AC:  2    Str:  5    XL:     4   Next: 30%
Magic:  4/11       EV: 13    Int: 22    God:
Gold:   40         SH:  0    Dex: 15    Spells: 7/10 levels left

rFire   . . .      SeeInvis .   (no weapon)
rCold   . . .      Faith    .   (no shield)
rNeg    . . .      Spirit   .   a - +0 robe
rPois   .          Reflect  .   (no helmet)
rElec   .          Harm     .   (no cloak)
rCorr   .          Rampage  .   (no gloves)
Will    .....                   (no boots)
Stlth   +.........              q - amulet of magic regeneration
HPRegen 0.08/turn               (no ring)
MPRegen 0.52/turn               (no ring)

@: confused
A: no striking features
a: no special abilities


You were on level 3 of the Dungeon.
You visited 1 branch of the dungeon, and saw 3 of its levels.

You collected 40 gold pieces.

Inventory:

Missiles
 d - 2 throwing nets
Armour
 a - a +0 robe (worn)
Jewellery
 q - an amulet of magic regeneration (around neck)
Scrolls
 c - a scroll of noise {unknown}
 e - a scroll of torment {unknown}
 i - a scroll of identify {unknown}
 m - a scroll of acquirement {unknown}
 n - a scroll of poison {unknown}
 p - a scroll of teleportation {unknown}
Potions
 b - a potion of magic
 f - 2 potions of curing {unknown}
 g - 2 potions of brilliance {unknown}
 h - a potion of haste {unknown}
 j - a potion of might {unknown}
 k - a potion of ambrosia {unknown}
 l - a potion of degeneration {unknown}
 o - a potion of heal wounds {unknown}


   Skills:
 + Level 2.9 Dodging
 + Level 3.0 Stealth
 + Level 3.9 Spellcasting
 + Level 2.0 Conjurations
 + Level 4.0 Air Magic


You had 7 spell levels left.
You knew the following spells:

 Your Spells              Type           Power      Damage    Failure   Level
a - Shock                 Conj/Air       68%        1d7       3%          1
b - Static Discharge      Conj/Air       17%        3-6/arc   4%          2

Your spell library contained the following spells:

 Spells                   Type           Power      Damage    Failure   Level
 Swiftness                Air            22%        N/A       6%          3
 Mephitic Cloud           Conj/Pois/Air  13%        N/A       14%         3
 Ensorcelled Hibernation  Hex/Ice        8%         N/A       17%         2
 Dazzling Flash           Conj/Hex       16%        N/A       22%         3
 Airstrike                Air            11%        2d(2-18)  22%         4
 Ignite Poison            Fire/Tmut/Pois 4%         N/A       34%         3
 Spider Form              Tmut/Pois      4%         N/A       34%         3
 Anguish                  Hex/Necr       2%         N/A       75%         4
 Freezing Cloud           Conj/Ice/Air   6%         6-21      80%         5
 Silence                  Hex/Air        6%         N/A       80%         5
 Agony                    Necr           4%         N/A       97%         5


Dungeon Overview and Level Annotations

Branches:
Dungeon (3/15)

Altars:


Message History

The orc is almost dead.
The lightning grounds out.
The orc is struck by an arc of lightning!
You kill the orc!
The adder is struck by an arc of lightning.
You kill the adder!
You are struck by an arc of lightning.
The lightning grounds out.
Your Conjurations skill increases to level 2!
Your Air Magic skill increases to level 4!
Casting: Static Discharge (safe; 4% risk of failure)
Confirm with . or Enter, or press ? or * to list all spells.
The orc is struck by an arc of lightning.
The orc is heavily wounded.
You are struck by an arc of lightning.
* * * LOW HITPOINT WARNING * * *
The orc is struck by an arc of lightning!
You kill the orc!
The lightning grounds out.
Casting: Static Discharge (safe; 4% risk of failure)
Confirm with . or Enter, or press ? or * to list all spells.
The endoplasm is struck by an arc of lightning!
You kill the endoplasm!
The orc wizard is struck by an arc of lightning!
The orc wizard is heavily wounded.
The orc wizard points at you and mumbles some strange words.
You are confused.
You're too confused to cast spells.
You're too confused to cast spells.
You're too confused to cast spells.
You're too confused to cast spells.
The orc wizard points at you and mumbles some strange words.
You resist with some effort.
Found 17 gold pieces.
The endoplasm jiggles.
The orc wizard casts a spell at you.
You are more confused.
You're too confused to cast spells.
The orc wizard gestures at you while chanting.
The magic dart hits you!
You die...

###############
..............#
..#####.#####†# #.#####.# .
#....##.# ... #.##.##.#
....†#####.##....#
.....)o..?.#####.###########
#.....).J..@# #............
###########.# #.###########
#.# #.# #.# #.###########
#.# #............ #.#
############# #?# #$#


You could see an orc wizard and an endoplasm.

Vanquished Creatures
  3 adders
  A worm (D:2)
  A dart slug (D:3)
  4 orcs (D:3)
  2 bats
  2 bat skeletons (D:2)
  2 endoplasms
  5 giant cockroaches (D:2)
  2 goblins
  2 hobgoblins
  6 jackals
  3 kobolds (D:1)
  4 quokkas
  5 ball pythons
  A ball python skeleton (D:2)
  A frilled lizard (D:1)
  3 rats (D:3)
47 creatures vanquished.

Vanquished Creatures (others)
  2 withered plants (D:2)
2 creatures vanquished.

Grand Total: 49 creatures vanquished

Notes
Turn   | Place    | Note
-------+----------+-------------------------------------------
     0 | D:1      | Ast3rio the Deep Elf Air Elementalist began the quest for
                  | the Orb.
     0 | D:1      | Reached XP level 1. HP: 10/10 MP: 6/6
   399 | D:1      | Found a faded altar of an unknown god.
   523 | D:1      | Reached XP level 2. HP: 15/15 MP: 5/8
   579 | D:1      | Learned a level 2 spell: Static Discharge
  1066 | D:2      | Reached XP level 3. HP: 19/19 MP: 1/9
  1984 | D:3      | Reached XP level 4. HP: 24/24 MP: 8/11
  1999 | D:3      | Reached skill level 4 in Air Magic
  2004 | D:3      | Killed from afar by an orc wizard

Illustrated notes

Levels and vault maps discovered:
D:1:      lemuel_arrival_cross, layout_basic,
          shapermc_ecumenical_altar_totnotflames, minmay_heptomino_h4
D:2:      layout_rooms, serial_undead, serial_undead_f, serial_undead_d,
          serial_undead_d, serial_undead_f
D:3:      layout_loops_ring, kennysheep_generic_room_7

Skill      XL: |  1  2  3  4 |
---------------+-------------+-----
Stealth        | 3 |  3.0
Conjurations   | 2 |  2.0
Air Magic      | 4 |  4.0
Dodging        | |  2.9
Spellcasting   | |  3.9

Action                   |  1- 3 |  4- 6 || total
-------------------------+-------+-------++-------
Melee: Unarmed           |    30 |       ||    30
 Cast: Shock             |    69 |       ||    69
       Static Discharge  |     9 |     6 ||    15
Armor: Robe              |    11 |       ||    11
Dodge: Dodged            |    33 |       ||    33
